 Dungeon Crawl Stone Soup version 0.29-a0-837-g174bc33265 (webtiles) character file.

Game seed: 12691808473171684362

3502 Garessta the Fighter (level 9, -7/79 HPs)
             Began as a Demonspawn Fighter on July 13, 2022.
             Was an Initiate of Gozag.
             Mangled by Joseph
             ... wielding a +0 spectral quarterstaff
              (11 damage)
             ... on level 8 of the Dungeon.
             The game lasted 00:13:47 (8280 turns).

Garessta the Fighter (Demonspawn Fighter)           Turns: 8280, Time: 00:13:47

Health: -7/79      AC:  8    Str: 21    XL:     9   Next: 80%
Magic:  9/9        EV:  9    Int: 16    God:    Gozag
Gold:   597        SH:  5    Dex: 18    Spells: 8/8 levels left

rFire   . . .      SeeInvis .   A - +0 executioner's axe
rCold   . . .      Faith    .   (shield currently unavailable)
rNeg    . . .      Spirit   .   b - +0 scale mail
rPois   .          Reflect  +   (no helmet)
rElec   +          Harm     .   F - +0 cloak
rCorr   .          Rampage  .   g - +0 pair of gloves
Will    .....                   (boots unavailable)
Stlth   ..........              L - amulet of reflection
HPRegen 0.23/turn               t - ring "Tikhlu Suida" {rElec Int+6}
MPRegen 0.11/turn               x - +6 ring of dexterity

@: no status effects
A: hooves 3, ignite blood 2
a: Renounce Religion, Potion Petition, Call Merchant, Bribe Branch


You were on level 8 of the Dungeon.
You worshipped Gozag.
Gozag was pleased with you.
You visited 2 branches of the dungeon, and saw 9 of its levels.

You collected 922 gold pieces.
You spent 258 gold pieces at shops.
You paid 67 gold pieces to Gozag.

Inventory:

Hand Weapons
 a - a +0 war axe
 A - a +0 executioner's axe (weapon)
Missiles
 e - 5 boomerangs (quivered)
Armour
 b - a +0 scale mail (worn)
 c - a +0 buckler
 g - a +0 pair of gloves (worn)
 F - a +0 cloak (worn)
Jewellery
 t - the ring "Tikhlu Suida" (left hand) {rElec Int+6}
   (You found it on level 2 of the Dungeon)

   [ring of intelligence]

   Int:       It affects your intelligence (+6).
   rElec:     It insulates you from electricity.
 x - a +6 ring of dexterity (right hand)
 L - an amulet of reflection (around neck)
Wands
 m - a wand of iceblast (6)
 q - a wand of light (7)
 u - a wand of flame (19)
Scrolls
 h - a scroll of summoning {unknown}
 j - a scroll of acquirement {unknown}
 l - a scroll of vulnerability
 n - a scroll of amnesia {unknown}
 o - 2 scrolls of fear
 v - 2 scrolls of enchant armour
 w - 2 scrolls of magic mapping {unknown}
 y - a scroll of enchant weapon {unknown}
 C - 2 scrolls of blinking {unknown}
 D - a scroll of torment {unknown}
 E - 2 scrolls of poison {unknown}
 G - 2 scrolls of teleportation
Potions
 d - 2 potions of might
 f - a potion of berserk rage {unknown}
 i - 4 potions of curing
 k - 2 potions of invisibility {unknown}
 p - a potion of resistance {unknown}
 r - 4 potions of degeneration {unknown}
 s - 2 potions of lignification {unknown}
 z - a potion of magic {unknown}
 H - a potion of cancellation {unknown}
 I - 2 potions of heal wounds
 J - a potion of haste {unknown}
 K - 2 potions of attraction {unknown}


   Skills:
 + Level 10.4 Fighting
 + Level 9.3 Axes
 - Level 2.6 Armour
 - Level 2.6 Shields


You had 8 spell levels left.
You didn't know any spells.
Your spell library contained the following spells:

 Spells                   Type           Power      Damage    Failure   Level
 Apportation              Tloc           0%         N/A       56%         1
 Necrotise                Necr           0%         1d4       56%         1
 Summon Small Mammal      Summ           0%         N/A       56%         1
 Ensorcelled Hibernation  Hex/Ice        0%         N/A       71%         2
 Frozen Ramparts          Ice            0%         1d2       90%         3
 Ozocubu's Armour         Ice            0%         N/A       90%         3
 Portal Projectile        Hex/Tloc       0%         N/A       90%         3
 Tukima's Dance           Hex            0%         N/A       90%         3
 Flame Wave               Conj/Fire      0%         2d4       100%        4
 Ice Form                 Ice/Tmut       0%         N/A       100%        4
 Summon Ice Beast         Ice/Summ       0%         N/A       100%        4
 Blade Hands              Tmut           0%         N/A       100%        5
 Summon Mana Viper        Hex/Summ       0%         N/A       100%        5
 Ozocubu's Refrigeration  Ice            0%         4d5       100%        7
 Discord                  Hex            0%         N/A       100%        8


Dungeon Overview and Level Annotations

Branches:
Dungeon (8/15)             Temple (1/1) D:7
   Lair: D:8-11

Altars:
Ashenzari
Cheibriados
Gozag
Kikubaaqudgha
Makhleb
Nemelex Xobeh
Okawaru
Qazlal
Ru
Sif Muna
Trog
Uskayaw
Vehumet
Wu Jian
Xom
Yredelemnul

Shops:
D:6 *   D:7 *

Annotations:
D:5 3 runed translucent doors, sbaton's ghost, novice FoFi
D:8 Joseph


Innate Abilities, Weirdness & Mutations

You have hooves in place of feet.
Your demonic aura often causes spilled blood to erupt in flames.


Message History

Press: ? - help, Shift-Dir - straight line, f - Joseph
Aim: Joseph, wielding a +0 sling and wearing a +0 ring mail (75% to hit)
The bolt of light hits Joseph!
Joseph is lightly wounded.
Joseph is blinded.
Joseph shoots a sling bullet.
The sling bullet misses you.
There is a stone staircase leading down here.
You closely miss Joseph.
Joseph is lightly wounded.
Joseph unwields a +0 sling.
Joseph wields a +0 spectral quarterstaff.
Joseph completely misses you.
You hit Joseph but do no damage. You kick Joseph!
Joseph is moderately wounded.
You block Joseph's attack.
Joseph hits you with a +0 spectral quarterstaff!
You hit Joseph but do no damage. You kick Joseph.
Joseph is moderately wounded.
Joseph hits you with a +0 spectral quarterstaff!
You see here a +0 leather armour.
Aiming: Iceblast
Press: ? - help, Shift-Dir - straight line, f/p - Joseph
Aim: Joseph, wielding a +0 spectral quarterstaff and wearing a +0 ring mail (moderately wounded, blind)
The mass of ice explodes!
The iceblast engulfs Joseph!
Joseph is heavily wounded.
Unknown command.
You closely miss Joseph.
Joseph is heavily wounded.
You block Joseph's attack.
Joseph hits you with a +0 spectral quarterstaff!
* * * LOW HITPOINT WARNING * * *
You catch the helpless Joseph completely off-guard!
You hit Joseph but do no damage. Your kick misses Joseph.
Joseph is heavily wounded.
Joseph hits you with a +0 spectral quarterstaff!
* * * LOW HITPOINT WARNING * * *
You barely miss Joseph. You kick Joseph, but do no damage.
Joseph is heavily wounded.
Joseph hits you with a +0 spectral quarterstaff!
You die...
Your body crumbles into a pile of gold.

#.##....# #.
########.......# #.
#....<......[#..# #.
#...........###.#######.
#.....$....## #.#......
#....$......## ........
#.........#..#. ##......
#.....@......... ####.#.
#.....○@........# #.#.
########.##....## # #.
#.# ##..# #. #.# ..# #.
.. .. ##


You could see Joseph (blind).

Vanquished Creatures
  A boulder beetle (D:8)
  Grinder (D:5)
  Eustachio (D:6)
  3 yaks (D:8)
  A steam dragon (D:7)
  2 black bears
  2 ice beasts
  An orc warrior (D:6)
  An ogre (D:5)
  A kobold brigand (D:7)
  A necrophage (D:6)
  3 bullfrogs
  3 scorpions
  Blork the orc (D:6)
  A wight (D:5)
  6 killer bees (D:8)
  3 howler monkeys
  2 hounds
  2 jellies (D:5)
  3 iguanas
  5 orc wizards
  A mummy (D:3)
  6 adders
  2 ufetubi
  A worm (D:2)
  2 dart slugs
  20 orcs
  7 bats
  4 endoplasms
  3 giant cockroaches
  10 goblins
  5 hobgoblins
  9 jackals
  14 kobolds
  A quokka (D:1)
  6 ball pythons
  2 frilled lizards
  5 rats
142 creatures vanquished.

Vanquished Creatures (others)
  2 fungi (D:5)
  2 plants (D:5)
4 creatures vanquished.

Grand Total: 146 creatures vanquished

Notes
Turn   | Place    | Note
-------+----------+-------------------------------------------
     0 | D:1      | Garessta the Demonspawn Fighter began the quest for the
                  | Orb.
     0 | D:1      | Reached XP level 1. HP: 18/18 MP: 1/1
   192 | D:1      | Gained mutation: Your demonic aura sometimes causes spilled
                  | blood to erupt in flames. [demonic ancestry]
   192 | D:1      | Reached XP level 2. HP: 22/24 MP: 2/2
   724 | D:2      | Reached XP level 3. HP: 29/29 MP: 3/3
  1254 | D:2      | Reached skill level 4 in Fighting
  1314 | D:2      | Identified the ring "Tikhlu Suida" {rElec Int+6}
  1752 | D:3      | Gained mutation: You have large cloven feet. [demonic
                  | ancestry]
  1752 | D:3      | Reached XP level 4. HP: 36/37 MP: 4/4
  1947 | D:3      | Found a faded altar of an unknown god.
  2077 | D:3      | Found a snail-covered altar of Cheibriados.
  2670 | D:3      | Reached XP level 5. HP: 43/43 MP: 5/5
  2879 | D:4      | Found an opulent altar of Gozag.
  2895 | D:4      | Became a worshipper of Gozag Ym Sagoz the Greedy
  3130 | D:4      | Noticed an ice beast
  3139 | D:4      | Killed an ice beast
  3140 | D:4      | Reached skill level 5 in Fighting
  3322 | D:4      | Noticed a black bear
  3326 | D:4      | Killed a black bear
  3327 | D:4      | Reached XP level 6. HP: 51/51 MP: 6/6
  3756 | D:5      | Entered Level 5 of the Dungeon
  3854 | D:5      | Noticed Grinder
  3880 | D:5      | HP: 1/52 [orc/+0 club (3)]
  3882 | D:5      | Killed Grinder
  3883 | D:5      | Reached skill level 6 in Fighting
  3883 | D:5      | Reached skill level 5 in Axes
  3883 | D:5      | Gained mutation: Your demonic aura often causes spilled
                  | blood to erupt in flames. [demonic ancestry]
  3883 | D:5      | Reached XP level 7. HP: 30/59 MP: 7/7
  4341 | D:5      | Noticed sbaton's ghost (novice FoFi)
  4342 | D:5      | Found a runed translucent gate.
  4343 | D:5      | Found a runed translucent gate.
  4344 | D:5      | Found a runed translucent gate.
  4553 | D:5      | HP: 2/54 [ogre/+0 giant club (13)]
  4559 | D:5      | HP: 1/54 [ogre/+0 giant club (16)]
  4566 | D:5      | Reached skill level 7 in Fighting
  5107 | D:6      | Noticed Eustachio
  5115 | D:6      | Killed Eustachio
  5116 | D:6      | Gained mutation: You have hoof-like feet. [demonic
                  | ancestry]
  5116 | D:6      | Reached XP level 8. HP: 67/67 MP: 8/8
  5558 | D:6      | Noticed Blork the orc
  5565 | D:6      | Killed Blork the orc
  5615 | D:6      | Reached skill level 8 in Fighting
  5715 | D:6      | Found Atoygg's Assorted Antiques.
  6592 | D:7      | Got the Quarto of Cursed Attacks
  6792 | D:6      | Bought a pink potion for 27 gold pieces
  6792 | D:6      | Bought a sapphire potion for 27 gold pieces
  6792 | D:6      | Bought a twisted bronze amulet for 150 gold pieces
  6792 | D:6      | Bought a coppery potion for 27 gold pieces
  6792 | D:6      | Bought a sapphire potion for 27 gold pieces
  6901 | D:7      | Gained mutation: You have hooves in place of feet. [demonic
                  | ancestry]
  6901 | D:7      | Reached XP level 9. HP: 27/75 MP: 9/9
  7202 | D:7      | Reached skill level 9 in Fighting
  7318 | D:7      | Found a staircase to the Ecumenical Temple.
  7408 | D:7      | Found a burning altar of Makhleb.
  7427 | Temple   | Entered the Ecumenical Temple
  7699 | D:7      | Found Vietops's Neck Hole.
  7944 | D:8      | Noticed a boulder beetle
  7953 | D:8      | Killed a boulder beetle
  8087 | D:8      | Reached skill level 10 in Fighting
  8266 | D:8      | Noticed Joseph
  8280 | D:8      | Mangled by Joseph

Illustrated notes

Levels and vault maps discovered:
D:1:      dpeg_arrival_boxes_within_box, layout_basic
D:2:      kennysheep_the_goblin_king, layout_rooms
D:3:      layout_basic, chei_slow_surprise, shapermc_ecumenical_altar_venn,
          minmay_curled_crystal
D:4:      layout_basic, grunt_gozag_breadcrumbs
D:5:      layout_basic, gammafunk_ghost_nasty_kobolds, minmay_circle_x,
          uniq_grinder
D:6:      layout_gridville, nicolae_take_the_stairs, uniq_blork_the_orc,
          uniq_eustachio
D:7:      layout_rooms, mainiacjoe_overflow_small_starburst,
          minmay_temple_entry_waves, nicolae_shop_sticking_my_neck_out
D:8:      layout_loops_cross, uniq_grum, uniq_joseph
Temple:   regret_index_temple_sphere_string

Skill      XL: |  1  2  3  4  5  6  7  8  9 |
---------------+----------------------------+-----
Axes           | 2 3 4 5 6 7 9 |  9.3
Fighting       | 4 5 6 7 8 10 | 10.4
Armour         | |  2.6
Shields        | |  2.6

Action                   |  1- 3 |  4- 6 |  7- 9 || total
-------------------------+-------+-------+-------++-------
Melee: War axe           |   139 |    84 |    20 ||   243
       Kick              |       |    30 |    50 ||    80
       Executioner's axe |       |       |   125 ||   125
Throw: Boomerang         |       |    17 |    21 ||    38
Evoke: Wand              |       |     2 |    14 ||    16
  Use: Potion            |       |     2 |     3 ||     5
       Scroll            |       |       |     5 ||     5
 Stab: Distracted        |       |     1 |       ||     1
       Invisible         |       |       |     2 ||     2
Armor: Scale mail        |    95 |    38 |    49 ||   182
       Skin              |       |       |     4 ||     4
Dodge: Dodged            |    60 |    40 |    83 ||   183
Block: Buckler           |    54 |    20 |     6 ||    80
       Other             |       |       |    16 ||    16

Table legend: (Time is in decaauts)
 A = Elapsed time spent in this place.
 B = Non-inter-level travel time spent in this place.
 C = Inter-level travel time spent in this place.
 D = Time resting spent in this place.
 E = Time spent auto-exploring this place.
 F = Levels seen in this place.
 G = Mean time per level.
                   A        B        C        D        E       F      G
               +--------+--------+--------+--------+--------+-----+--------+
         Total |   8463 |   8208 |    255 |    504 |   6508 |   9 |  940.3 |
       Dungeon |   8297 |   8069 |    228 |    504 |   6384 |   8 | 1037.1 |
        Temple |    165 |    138 |     27 |      0 |    124 |   1 |  165.0 |
               +--------+--------+--------+--------+--------+-----+--------+

Top non-repeatable levels by time:
     D:6: 1877 daAuts
     D:5: 1325 daAuts
     D:4: 1068 daAuts
     D:2: 1012 daAuts
     D:3: 1012 daAuts
     D:7: 853 daAuts
     D:1: 742 daAuts
     D:8: 403 daAuts
  Temple: 165 daAuts
